 Dungeon Crawl Stone Soup version 0.27.1-33-g824d729ab1 (webtiles) character file.

Game seed: 3571411234764446510

51 comborobin the Twirler (level 3, -5/28 HPs)
             Began as a Palentonga Gladiator on Dec 27, 2021.
             Slain by a scorpion (8 damage)
             ... on level 3 of the Dungeon.
             The game lasted 00:00:59 (1167 turns).

comborobin the Twirler (Palentonga Gladiator)       Turns: 1167, Time: 00:01:00

Health: -5/28      AC:  5    Str: 17    XL:     3   Next: 58%
Magic:  3/3        EV: 10    Int:  8    God:
Gold:   108        SH:  0    Dex: 12    Spells: 2/2 levels left

rFire    . . .     SeeInvis +   a - +0 quarterstaff
rCold    . . .     Faith    .   (shield currently unavailable)
rNeg     . . .     Spirit   .   b - +0 leather armour
rPois    .         Reflect  .   c - +0 helmet
rElec    .         Harm     .   (no cloak)
rCorr    .         Rampage  .   (no gloves)
Will     .....                  (no barding)
Stlth    +.........             (no amulet)
HPRegen  0.09/turn              (no ring)
MPRegen  0.08/turn              (no ring)

@: no status effects
A: large, rugged brown scales 3, see invisible, deformed body, roll 1, armoured
tail
a: Rolling Charge


You were on level 3 of the Dungeon.
You visited 1 branch of the dungeon, and saw 3 of its levels.

You collected 108 gold pieces.

Inventory:

Hand Weapons
 a - a +0 quarterstaff (weapon)
Missiles
 d - 2 throwing nets
 i - 6 poisoned darts (quivered)
Armour
 b - a +0 leather armour (worn)
 c - a +0 helmet (worn)
Scrolls
 e - 3 scrolls of teleportation {unknown}
 f - 2 scrolls of enchant weapon {unknown}
 g - a scroll of noise {unknown}
Potions
 h - a potion of ambrosia {unknown}


   Skills:
 - Level 2.0 Fighting
 + Level 4.6 Staves
 - Level 1.3 Throwing
 - Level 2.4 Dodging


You had 2 spell levels left.
You didn't know any spells.
Your spell library contained the following spells:

 Spells                   Type           Power      Damage    Failure   Level
 Stone Arrow              Conj/Erth      0%         3d7       85%         3
 Bolt of Magma            Conj/Fire/Erth 0%         4d4       100%        5
 Shatter                  Erth           0%         3d5*      100%        9


Dungeon Overview and Level Annotations

Branches:
Dungeon (3/15)

Altars:


Innate Abilities, Weirdness & Mutations

You are completely covered in rugged brown scales. (AC +3, +7% HP)
You have supernaturally acute eyesight. (SInv)
Armour fits poorly on your strangely shaped body.
You can roll at nearby foes to attack.
You have a long armoured tail.


Message History

A hobgoblin is nearby!
Found a stone staircase leading down.
An orc comes into view. It is wielding a +0 morningstar.
The hobgoblin hits you with a +0 whip.
There are monsters nearby!
You hit the hobgoblin.
The hobgoblin is heavily wounded.
The hobgoblin hits you with a +0 whip.
There are monsters nearby!
You closely miss the hobgoblin.
The hobgoblin is heavily wounded.
The hobgoblin hits you with a +0 whip.
You hit the hobgoblin.
The hobgoblin is almost dead.
The hobgoblin barely misses you.
A scorpion comes into view.
You hit the hobgoblin.
You kill the hobgoblin!
Things that are here:
a +0 short sword; 6 poisoned darts
i - 6 poisoned darts The orc hits you with a +0 morningstar.
You barely miss the orc. You tail-slap the orc.
The orc is almost dead.
The orc hits you with a +0 morningstar.
You hit the orc.
You kill the orc!
Throw: 3 throwing nets
Press: ? - help, Q - select action, (/) - cycle Shift-Dir - straight line, f - scorpion
Aim: a scorpion (57% to hit)
You throw a throwing net.
The throwing net barely misses the scorpion.
The scorpion stings you!
* * * LOW HITPOINT WARNING * * *
The scorpion stings you but does no damage.
Unknown command.
The scorpion closely misses you.
Items here: ( )) [.
The scorpion stings you!
You die...

#...#######...##### ...
######..................
..
........########...#####
# ######..........#.##
##########.#.# ##
#(#.####### .#
#.#........ .#
######s#..###### .#
#.......@.......# .#
#.#####.......... .##
#########.# ..# . .## ##
#


You could see a scorpion.

Vanquished Creatures
  2 worms (D:2)
  2 dart slugs (D:1)
  An orc (D:3)
  5 bats
  3 endoplasms (D:2)
  2 giant cockroaches (D:2)
  2 goblins (D:1)
  3 hobgoblins
  7 kobolds
  3 quokkas
  2 ball pythons
  A frilled lizard (D:2)
  5 rats
38 creatures vanquished.

Notes
Turn   | Place    | Note
-------+----------+-------------------------------------------
     0 | D:1      | comborobin the Palentonga Gladiator began the quest for the
                  | Orb.
     0 | D:1      | Reached XP level 1. HP: 17/17 MP: 1/1
    96 | D:1      | Reached XP level 2. HP: 14/23 MP: 2/2
   459 | D:2      | Reached skill level 4 in Staves
   575 | D:2      | Reached XP level 3. HP: 20/28 MP: 3/3
  1127 | D:3      | Noticed a scorpion
  1167 | D:3      | Slain by a scorpion

Illustrated notes

Levels and vault maps discovered:
D:1:      dpeg_arrival_water_temple_mockup, layout_loops_ring,
          basic_ecumenical_altar, grunt_decor_cap, minmay_hedge_maze
D:2:      layout_rooms, minmay_unequal
D:3:      layout_loops_ring

Skill      XL: |  1  2 |
---------------+-------+-----
Staves         | 4 |  4.6
Fighting       | |  2.0
Throwing       | |  1.3
Dodging        | |  2.4

Action                   || total
-------------------------++-------
Melee: Quarterstaff      ||    83
       Tailslap          ||     9
Throw: Throwing net      ||     1
 Abil: Rolling Charge    ||     1
 Stab: Sleeping          ||     1
Armor: Leather armour    ||    33
Dodge: Dodged            ||    29
